 Dungeon Crawl Stone Soup version 0.24-a0-720-gbbc45b0 (webtiles) character file.

Game seed: 3965604831785631221, levelgen mode: deterministic

93 KaelMatrea the Shield-Bearer (level 4, -2/35 HPs)
             Began as a Formicid Fighter on Sept 30, 2019.
             Killed by nerve-wracking pain
             ... invoked by an orc priest
              (4 damage)
             ... on level 2 of the Dungeon.
             The game lasted 00:06:36 (1302 turns).

KaelMatrea the Shield-Bearer (Formicid Fighter)     Turns: 1302, Time: 00:06:37

Health: -2/35      AC:  7    Str: 21    XL:     4   Next: 92%
Magic:  4/4        EV:  8    Int:  8    God:
Gold:   58         SH:  9    Dex: 10    Spells: 3/3 levels left

rFire    . . .     SeeInvis +   a - +0 war axe
rCold    . . .     Gourm    .   c - +0 shield
rNeg     . . .     Faith    .   b - +0 scale mail
rPois    .         Spirit   .   (helmet unavailable)
rElec    .         Reflect  .   (no cloak)
rCorr    .         Harm     .   (no gloves)
MR       .....                  (no boots)
Stlth    ..........             (no amulet)
HPRegen  0.11/turn              (no ring)
MPRegen  0.09/turn              (no ring)

@: no status effects
A: permanent stasis, dig shafts and tunnels, four strong arms, antennae 3
a: Dig, Shaft Self


You were on level 2 of the Dungeon.
You were hungry.

You visited 1 branch of the dungeon, and saw 2 of its levels.

You collected 58 gold pieces.

Inventory:

Hand Weapons
 a - a +0 war axe (weapon)
 i - a +1 dagger of venom
Armour
 b - a +0 scale mail (worn)
 c - a +0 shield (worn)
Jewellery
 m - a +6 ring of dexterity {unknown}
 n - an uncursed ring of poison resistance {unknown}
Scrolls
 g - 3 scrolls of identify {unknown}
 h - a scroll of amnesia {unknown}
 j - 2 scrolls of noise {unknown}
 k - a scroll of enchant weapon {unknown}
Potions
 d - a potion of might
 e - a potion of heal wounds {unknown}
Comestibles
 f - 3 rations
 l - 8 chunks of flesh


   Skills:
 - Level 3.2 Fighting
 * Level 3.7 Axes
 + Level 3.8 Armour
 + Level 4.4 Shields


You had 3 spell levels left.
You didn't know any spells.
Your spell library was empty.

Dungeon Overview and Level Annotations

Branches:
Dungeon (2/15)

Altars:


Innate Abilities, Weirdness & Mutations

You cannot be hasted, slowed, berserked, paralysed or teleported.
You can dig through walls and to a lower floor.
Your four strong arms can wield two-handed weapons with a shield.
You have a pair of large antennae on your head. (SInv)


Message History

You closely miss the orc priest. You block the orc priest's attack.
You hit the orc priest.
The orc priest is lightly wounded.
You block the orc priest's attack.
You closely miss the orc priest.
The orc priest is lightly wounded.
You block the orc priest's attack.
You closely miss the orc priest.
The orc priest is lightly wounded.
The orc priest invokes the aid of Beogh against you.
Beogh smites you!
* * * LOW HITPOINT WARNING * * *
You block the orc priest's attack.
Unknown command.
The orc priest casts a cantrip, but nothing happens.
The orc wizard mumbles some strange words.
The orc wizard flickers and vanishes for a moment.
The orc priest invokes the aid of Beogh against you.
Pain shoots through your body!
You die...

#.# ##.#..#...####..# #.#
##.###.#.#<##....#
###.###.##..........#.##
#....<)....#######..#.#
#.#.#÷##..###$⌠.###...# #
#.#.#.....##.....##.###
..###.#....#..#.......#.#
.....#.#.##..#.8...8.#o# #.
#..#......@#.......#.#
#.##......###.#.......#.#
##......#### #.# .... #.#
#.#.......# #o# 8...8 #.# #
#.......#.### #o# ......#.###..#
....#.....(.# #.. .............#
....#.......######.....##.#####.#
....#..##.#.......... ...
..........÷...............


You could see an orc priest and an orc wizard (invisible).

Vanquished Creatures
  An orc priest (D:2)
  2 adders (D:2)
  An ooze (D:1)
  A worm (D:2)
  2 leopard geckos
  3 orcs (D:2)
  3 bats
  A giant cockroach (D:1)
  4 goblins (D:1)
  2 hobgoblins (D:2)
  2 jackals
  4 kobolds (D:1)
  3 frilled lizards (D:1)
  7 rats
36 creatures vanquished.

Notes
Turn   | Place    | Note
-------+----------+-------------------------------------------
     0 | D:1      | KaelMatrea the Formicid Fighter began the quest for the
                  | Orb.
     0 | D:1      | Reached XP level 1. HP: 18/18 MP: 1/1
   200 | D:1      | Reached XP level 2. HP: 24/24 MP: 2/2
   356 | D:1      | Reached skill level 4 in Shields
   454 | D:1      | Reached XP level 3. HP: 21/29 MP: 3/3
  1147 | D:2      | Reached XP level 4. HP: 35/35 MP: 4/4
  1302 | D:2      | Killed from afar by an orc priest

Levels and vault maps discovered:
D:1:      onia_arrival_mini_maze_b, layout_rooms
D:2:      cheibrodos_pilgrimage, layout_loops_cross

Skill      XL: |  1  2  3 |
---------------+----------+-----
Shields        | 4 |  4.4
Axes           | 3 |  3.7
Fighting       | |  3.2
Armour         | |  3.8

Action                   |  1- 3 |  4- 6 || total
-------------------------+-------+-------++-------
Melee: War axe           |    91 |    34 ||   125
  Eat: Chunk             |     1 |       ||     1
Armor: Scale mail        |    53 |     3 ||    56
Dodge: Dodged            |    35 |    13 ||    48
Block: Shield            |    48 |    16 ||    64

Table legend:
 A = Non-vault XP
 B = Vault XP
 C = Vault XP percentage of total XP
 D = Non-vault monster count
 E = Vault monster count
 F = Vault count percentage of total count
                 A         B        C        D         E       F
            +---------+---------+-------+---------+---------+-------
      Total |      84 |      50 |  37.3 |      32 |       4 |  11.1
            +---------+---------+-------+---------+---------+-------
        D:1 |      38 |       0 |   0.0 |      20 |       0 |   0.0
        D:2 |      46 |      50 |  52.1 |      12 |       4 |  25.0
            +---------+---------+-------+---------+---------+-------
